Map: Triton LE

Players

herO

  • Race: Protoss Protoss
  • Spawn Location: 11:00

Classic - Winner!

  • Race: Protoss Protoss
  • Spawn Location: 5:00

Event: 2019 WCS Global FInals

VOD

Have the link to the VOD?

Description

Time

  • Played on: Oct. 26, 2019, 4:28 a.m.
  • Length: 9:25

All games in this series

Show
View Real Time Build Order
Export as new Build Order

herO Protoss 

Build Orders:  

Get SALT Encoding   

  12  0:00  Probe  
  13  0:13  Probe  
  14  0:17  Pylon  
  14  0:25  Probe (Chrono Boost)  
  15  0:36  Gateway  
  15  0:37  Probe (Chrono Boost)  
  16  0:44  Probe (Chrono Boost)  
  16  0:45  Assimilator  
  17  0:51  Probe  
  17  0:54  Assimilator  
  18  1:03  Probe (Chrono Boost)  
  19  1:07  Gateway  
  19  1:13  Probe (Chrono Boost)  
  19  1:18  Probe (Chrono Boost)  
  20  1:24  Cybernetics Core  
  21  1:29  Probe  
  22  1:35  Pylon  
  22  1:41  Probe  
  23  1:54  Probe  
  24  1:57  Warp Gate (Chrono Boost)  
  24  2:00  Adept x2  
  28  2:11  Pylon  
  28  2:16  Robotics Facility  
  28  2:30  Stalker x2  
  28  2:32  Probe  
  33  2:47  Gateway  
  33  2:58  Gateway  
  33  3:04  Sentry x2  
  37  3:10  Warp Prism (Chrono Boost)  
  37  3:26  Pylon  
  37  3:33  Probe  
  35  3:46  Probe  
  35  3:53  Observer  
  36  3:58  Probe  
  36  4:00  Stalker  
  39  4:14  Probe  
  40  4:17  Immortal (Chrono Boost)  
  44  4:27  Pylon  
  44  4:37  Sentry  
  46  4:48  Immortal  
  50  5:11  Nexus  
  52  5:30  Probe  
  52  5:31  Observer  
  52  5:36  Pylon  
  52  5:42  Probe  
  52  5:54  Probe  
  53  5:58  Zealot  
  53  6:00  Stargate  
  55  6:06  Probe  
  55  6:08  Stargate  
  56  6:19  Probe  
  56  6:24  Stalker x2  
  61  6:28  Probe  
  61  6:31  Probe  
  63  6:40  Probe  
  63  6:42  Phoenix (Chrono Boost)  
  63  6:43  Probe  
  65  6:53  Probe  
  66  6:55  Probe  
  66  6:59  Assimilator, Phoenix (Chrono Boost)  
  69  7:05  Probe  
  69  7:08  Pylon  
  70  7:14  Probe  
  70  7:34  Probe  
  70  7:35  Probe  
  70  7:47  Probe  
  70  7:52  Probe  
  70  7:55  Pylon  
  70  7:57  Pylon  
  69  8:00  Probe, Forge  
  69  8:01  Twilight Council  
  70  8:08  Probe  
  70  8:11  Pylon  
  70  8:15  Probe  
  70  8:17  Shield Battery  
  70  8:19  Immortal (Chrono Boost), Shield Battery  
  71  8:20  Probe  
  71  8:21  Robotics Bay  
  76  8:29  Shield Battery  
  76  8:33  Adept x2  
  74  8:46  Adept  
  74  8:47  Adept  
  58  8:54  Adept  
Show
View Real Time Build Order
Export as new Build Order

Classic Protoss - Winner!

Build Orders: Oracle Opening 

Get SALT Encoding   

  12  0:00  Probe  
  13  0:12  Probe  
  14  0:19  Pylon  
  14  0:24  Probe  
  15  0:37  Probe (Chrono Boost)  
  15  0:38  Gateway  
  16  0:46  Assimilator, Probe (Chrono Boost)  
  17  0:51  Probe (Chrono Boost)  
  17  0:55  Assimilator  
  18  1:03  Probe (Chrono Boost)  
  19  1:14  Probe (Chrono Boost)  
  19  1:16  Gateway  
  20  1:19  Probe (Chrono Boost)  
  21  1:27  Cybernetics Core  
  21  1:30  Probe  
  22  1:38  Pylon  
  22  1:42  Probe  
  23  1:56  Probe  
  24  2:03  Stargate  
  24  2:07  Stalker  
  26  2:11  Warp Gate  
  26  2:19  Pylon  
  26  2:20  Stalker  
  28  2:46  Oracle (Chrono Boost)  
  31  2:55  Pylon  
  31  2:58  Shield Battery  
  31  3:21  Robotics Facility, Nexus  
  31  3:28  Stalker  
  31  3:29  Shield Battery  
  34  3:54  Shield Battery  
  34  3:55  Shield Battery  
  33  3:59  Stalker  
  35  4:04  Probe  
  35  4:05  Immortal (Chrono Boost)  
  35  4:06  Sentry  
  42  4:13  Shield Battery  
  42  4:19  Pylon  
  42  4:34  Warp Prism (Chrono Boost)  
  44  4:42  Sentry  
  46  4:47  Stalker  
  48  4:54  Probe x2  
  50  5:06  Observer  
  51  5:08  Probe x2  
  51  5:13  Pylon  
  53  5:20  Probe x2  
  55  5:26  Pylon  
  55  5:30  Twilight Council  
  55  5:37  Probe x2 (Chrono Boost)  
  57  5:44  Immortal  
  57  5:47  Pylon  
  57  5:49  Probe (Chrono Boost)  
  63  5:51  Probe (Chrono Boost)  
  63  5:55  Probe (Chrono Boost)  
  63  5:56  Probe (Chrono Boost)  
  64  6:00  Gateway  
  65  6:07  Stalker  
  65  6:09  Stalker, Resonating Glaives (Chrono Boost)  
  69  6:23  Immortal  
  73  6:26  Pylon  
  73  6:38  Probe x2  
  75  6:47  Gateway  
  75  6:49  Gateway  
  75  6:52  Assimilator  
  75  6:57  Adept x2  
  75  6:59  Adept  
  81  7:06  Pylon  
  81  7:08  Gateway  
  79  7:10  Gateway  
  79  7:18  Stalker x2  
  79  7:21  Warp Prism (Chrono Boost)  
  83  7:29  Adept  
  81  7:32  Pylon  
  77  7:38  Probe  
  77  7:40  Pylon  
  77  7:43  Adept x2  
  77  7:44  Adept  
  84  7:45  Sentry  
  84  7:50  Adept  
  85  8:02  Probe  
  85  8:03  Observer  
  87  8:16  Assimilator  
  87  8:18  Pylon  
  87  8:23  Adept x7  
  100  8:47  Adept x7  
  94  9:12  Adept x7  
Tags
 
Add a new tag
Caveats
  • Supply blocks, unpowered buildings, or Contaminate may cause inaccurate times.
  • Supply counts are checked every 10 seconds.